 Dungeon Crawl Stone Soup version 0.21-a0-210-gbfa5647 (webtiles) character file.

463652 MackTheKnife the Metallomancer (level 24, -5/163 HPs)
             Began as a Gargoyle Wanderer on Aug 21, 2017.
             Was the Champion of Makhleb.
             Slain by a shadow dragon (8 damage)
             ... on level 5 of the Depths.
             The game lasted 03:00:06 (50676 turns).

MackTheKnife the Metallomancer (Gargoyle Wanderer) Turns: 50676, Time: 03:00:07

Health: -5/163     AC: 37    Str: 17    XL:     24   Next: 53%
Magic:  7/42       EV: 14    Int: 35    God:    Makhleb [******]
Gold:   1969       SH: 21    Dex: 15    Spells: 14/53 levels left

rFire    + + +     SeeInvis +   a - +9 demon blade (elec)
rCold    + . .     Gourm    .   b - +4 shield {rF+}
rNeg     + . .     Faith    .   y - +8 ring mail of Perfidy {rCorr Str-2 Int+7}
rPois    ∞         Spirit   .   r - +0 mask of the Dragon {MR+ Slay+3 SInv}
rElec    +         Reflect  +   h - +0 cloak of the Present {*Drain rF++ Dex+3}
rCorr    +         Harm     .   U - +0 pair of gloves "Mesuc" {rElec Dex+4 Stlth-}
MR       +++..                  v - +0 pair of boots "Moisues" {+Fly rC+ Regen+}
Stlth    +.........             k - +4 amulet of reflection
HPRegen  1.77/turn              T - +5 ring of intelligence
MPRegen  0.28/turn              t - ring "Oxzaziud" {rElec MR+ EV+2}

@: flying, regenerating (expiring), drained
A: big wings, negative energy resistance 1, electricity resistance, unbreathing,
petrification resistance, rot immunity, MP-powered wands, AC +17
}: 2/15 runes: decaying, serpentine
a: Stop Flying, Minor Destruction, Lesser Servant of Makhleb, Major Destruction,
Greater Servant of Makhleb, Renounce Religion


You were on level 5 of the Depths.
You worshipped Makhleb.
Makhleb was exalted by your worship.
You were not hungry.

You visited 9 branches of the dungeon, and saw 44 of its levels.
You also visited: Labyrinth, Ice Cave, Volcano and Wizlab.

You collected 5512 gold pieces.
You spent 3543 gold pieces at shops.

Inventory:

Hand Weapons
 a - a +9 demon blade of electrocution (weapon)
   (You found it in an ice cave)
Armour
 b - a +4 shield of fire resistance (worn)
   (You bought it in a shop on level 3 of the Vaults)
 h - the +0 cloak of the Present (worn) {*Drain rF++ Dex+3}
   (You found it on level 3 of the Snake Pit)

   It affects your dexterity (+3).
   It greatly protects you from fire.
   It causes draining when unequipped.
 r - the +0 mask of the Dragon (worn) {MR+ Slay+3 SInv}
   (You bought it in a shop on level 9 of the Dungeon)

   It affects your accuracy and damage with ranged weapons and melee attacks
   (+3).
   It affects your resistance to hostile enchantments.
   It lets you see invisible.
 v - the +0 pair of boots "Moisues" (worn) {+Fly rC+ Regen+}
   (You bought it in a shop on level 9 of the Dungeon)

   It protects you from cold.
   It lets you fly.
   It increases your rate of regeneration.
 y - the +8 ring mail of Perfidy (worn) {rCorr Str-2 Int+7}
   (You bought it in a shop on level 2 of the Orcish Mines)

   It affects your strength (-2).
   It affects your intelligence (+7).
   It protects you from acid and corrosion.
 U - the +0 pair of gloves "Mesuc" (worn) {rElec Dex+4 Stlth-}
   (You found it in an ice cave)

   It affects your dexterity (+4).
   It insulates you from electricity.
   It makes you less stealthy.
Jewellery
 e - an uncursed ring of wizardry {Wiz+, !d}
   (You found it on level 3 of the Lair of Beasts)
 k - a +4 amulet of reflection (around neck)
   (You found it on level 4 of the Vaults)
 t - the ring "Oxzaziud" (right hand) {rElec MR+ EV+2}
   (You acquired it on level 3 of the Elven Halls)

   [ring of evasion]

   It affects your evasion (+2).
   It insulates you from electricity.
   It affects your resistance to hostile enchantments.
 T - a +5 ring of intelligence (left hand)
   (You took it off a minotaur in a labyrinth)
Wands
 m - a wand of digging (6/24)
   (You found it on level 15 of the Dungeon)
 B - a wand of clouds (5/9)
   (You took it off Fannar on level 1 of the Orcish Mines)
Scrolls
 c - 8 scrolls of amnesia
 j - 2 scrolls of holy word {!r}
 l - 8 scrolls of fear
 q - 9 scrolls of teleportation
 s - 7 scrolls of blinking {!r}
 u - 6 scrolls of enchant armour
 A - 2 scrolls of magic mapping {!r}
 C - 7 scrolls of identify
 D - 6 scrolls of remove curse
 J - 2 scrolls of recharging
 V - 6 scrolls of immolation {!r}
 W - 4 scrolls of fog
 Z - 2 scrolls of silence
Potions
 g - 3 potions of haste
 i - 4 potions of cancellation
 o - 2 potions of magic
 z - 6 potions of mutation {!q}
 E - 6 potions of heal wounds
 H - 2 potions of agility
 L - 26 potions of curing
 N - 6 potions of ambrosia
 P - 6 potions of might
 Q - 4 potions of brilliance
 S - 5 potions of resistance
Miscellaneous
 n - 3 phantom mirrors
 F - a lightning rod (4/4)
   (You found it on level 9 of the Dungeon)
 G - a sack of spiders
 M - a lamp of fire (inert)
   (You found it on level 3 of the Elven Halls)
 X - a phial of floods
   (You found it on level 2 of the Swamp)
Comestibles
 f - a bread ration {@e1}
 p - 23 royal jellies
 w - 17 fruits
 Y - 19 meat rations {@e2}


   Skills:
 - Level 20.0(19.2) Fighting
   Level 7.5(12.8) Short Blades
 - Level 17.1(16.9) Long Blades
 - Level 12.0(11.4) Armour
 - Level 4.0(3.4) Dodging
 - Level 6.1(5.6) Stealth
 - Level 15.0(14.4) Shields
 - Level 15.0(14.3) Spellcasting
 + Level 14.6(13.9) Conjurations
 - Level 5.0(4.5) Charms
 - Level 5.8(5.2) Necromancy
 - Level 2.0(1.6) Air Magic
 - Level 21.0(20.2) Earth Magic
 - Level 2.6(2.1) Poison Magic
 - Level 6.3(5.8) Invocations
 - Level 1.0(0.5) Evocations


You had 14 spell levels left.
You knew the following spells:

 Your Spells              Type           Power        Failure   Level  Hunger
a - Mephitic Cloud        Conj/Pois/Air  ######..     1%          3    None
b - Iron Shot             Conj/Erth      #######...   1%          6    ##.....
c - Blink                 Tloc           N/A          4%          2    None
d - Spectral Weapon       Hex/Chrm       #####...     3%          3    None
e - Lee's Rapid Deconstr  Erth           ########..   1%          5    None
f - Lehudib's Crystal Sp  Conj/Erth      #######...   16%         8    ######.
g - Apportation           Tloc           ####..       2%          1    None
r - Regeneration          Chrm/Necr      ######....   1%          3    None
x - Stone Arrow           Conj/Erth      ######       0%          3    None
z - Sandblast             Erth           ######       0%          1    None
A - Animate Dead          Necr           N/A          3%          4    None


Dungeon Overview and Level Annotations

Branches:
Dungeon (15/15)            Temple (1/1) D:5            Lair (6/6) D:11
  Swamp (4/4) Lair:3        Snake (4/4) Lair:4        Slime (0/5) Lair:5
    Orc (2/2) D:12            Elf (3/3) Orc:2        Vaults (4/5) D:13
  Crypt (0/3) Vaults:3     Depths (5/5) D:15
    Zot: Depths:5

Altars:
Ashenzari
Cheibriados
Dithmenos
Elyvilon
Fedhas
Gozag
Hepliaklqana
Kikubaaqudgha
Makhleb
Nemelex Xobeh
Okawaru
Qazlal
Ru
Sif Muna
Trog
Uskayaw
Vehumet
Wu Jian
Xom
Yredelemnul
Zin
The Shining One
Beogh
Jiyva

Shops:
D:6 ?   D:9 [   D:14 *   Orc:2 :[!:   Elf:1 (   Elf:2 ?   Elf:3 :   Snake:4 (
Vaults:1 (   Vaults:2 =   Vaults:3 ([   Vaults:4 [   Depths:1 [

Portals:
Hell: Depths:1 Depths:2 Depths:3 Depths:4
Abyss: Depths:4
Pandemonium: Depths:2 Depths:3 Depths:4
Ziggurat: Depths:3

Annotations:
D:4 exclusion: downstairs
D:6 exclusion: upstairs
D:8 Pikel
D:10 exclusions: upstairs and 1 more exclusion
Lair:4 exclusion: downstairs
Lair:5 1 runed door
Swamp:4 Lernaean hydra
Elf:2 5 runed doors


Innate Abilities, Weirdness & Mutations

You are resistant to torment.
Your stone body is resilient. (AC +17)
You are immune to poison.
Your large and strong wings let you fly indefinitely.
You resist negative energy. (rN+)
You are resistant to electric shocks. (rElec)
You can survive without breathing.
You are immune to petrification.
You are immune to rotting.
You expend magic power (3 MP) to strengthen your wands.


Message History

You block the quicksilver dragon's attack.
You block the purple draconian's attack.
You closely miss the quicksilver dragon.
The quicksilver dragon closely misses you.
You riposte.
You hit the quicksilver dragon.
Lightning courses through the quicksilver dragon!
You kill the quicksilver dragon!
Makhleb accepts your kill.
You feel better.
You regained 23 hp, and now have 106/163 hp.
You slash the purple draconian!
Lightning courses through the purple draconian!
You block the purple draconian's attack.
You regained 2 hp, and now have 108/163 hp.
You slash the purple draconian!
Lightning courses through the purple draconian!
The juggernaut hits you!!! You block the juggernaut's attack.
You hear a shout! x2
You take 52 damage, and have 56/163 hp.
MASSIVE DAMAGE!!
As you read the scroll of teleportation, it crumbles to dust.
You feel strangely unstable. You block the black draconian's attack.
You block the purple draconian's attack.
You regained 2 hp, and now have 59/163 hp.
Unknown command.
You slice the purple draconian!!
Lightning courses through the purple draconian!
You kill the purple draconian!
Makhleb accepts your kill.
Unknown command.
Your surroundings seem slightly different.
You regained 2 hp, and now have 62/163 hp.
As you read the scroll of teleportation, it crumbles to dust.
You feel strangely unstable.
You regained 2 hp, and now have 64/163 hp.
The juggernaut hits you.
The juggernaut hits you but does no damage.
Unknown command.
Unknown command.
You regained 2 hp, and now have 67/163 hp.
Unknown command.
Your surroundings suddenly seem different.
All of the chunks of flesh in your inventory have rotted away.
You regained 2 hp, and now have 69/163 hp.
As you read the scroll of teleportation, it crumbles to dust.
You feel strangely unstable.
You regained 2 hp, and now have 71/163 hp.
The shadow dragon breathes negative energy at you.
The bolt of negative energy hits you! You partially resist.
You feel drained.
You take 16 damage, and have 55/163 hp.
A golden dragon comes into view.
You regained 2 hp, and now have 57/163 hp.
Unknown command.
Your surroundings suddenly seem different.
You hear a distant blaring wail to the northwest.
You block the shadow dragon's attack.
The shadow dragon claws you but does no damage.
The shadow dragon claws you.
A shadow dragon and a quicksilver dragon come into view.
You draw out your weapon's spirit!
The quicksilver dragon roars deafeningly!
Your skin is crawling a little less now.
You regained 2 hp, and now have 60/163 hp.
You now have 7/42 mp.
You slice the shadow dragon!!
Your spectral weapon hits the shadow dragon!!
You hit the shadow dragon but do no damage.
Your spectral weapon barely misses the shadow dragon.
The quicksilver dragon bites your spectral weapon!
Your spectral weapon shares its damage with you!
The quicksilver dragon completely misses your spectral weapon.
You block the shadow dragon's attack. x3
You take 6 damage, and have 55/163 hp.
You slice the shadow dragon!!
Lightning courses through the shadow dragon!
Your spectral weapon hits the shadow dragon!
Lightning courses through the shadow dragon!
The quicksilver dragon closely misses your spectral weapon.
The quicksilver dragon claws your spectral weapon but does no damage.
The shadow dragon breathes negative energy at you.
The bolt of negative energy hits you! You partially resist.
You feel drained.
You slash the shadow dragon!
Your spectral weapon barely misses the shadow dragon.
The quicksilver dragon bites your spectral weapon.
Your spectral weapon shares its damage with you!
The quicksilver dragon claws your spectral weapon!
Your spectral weapon shares its damage with you!
Your spectral weapon fades away.
You take 4 damage, and have 52/163 hp.
You hit the shadow dragon.
The quicksilver dragon breathes dispelling energy at you.
The bolt of dispelling energy hits you!
Your magical effects are unravelling.
* * * LOW HITPOINT WARNING * * *
The shadow dragon bites you but does no damage.
The shadow dragon claws you!
You die...

#....# #.#..# #..#.#
######..#.#
#....#.#..#
#....#....#
#.D..#....# #.
#D..###'..# '##''
#####++@.#.['###
'....##....++###.†..#
......'.....###.†..##
......†).†..##†....#
##...#.).[###.d...##
#######).#......##
....#
#.......D#.dC..##
#....#
++.....D.†)'...###+
#+....#
#.......d).#.###..++
##.≈...#


You could see a shadow dragon and a quicksilver dragon.

Vanquished Creatures
  Mara (Vaults:4)
  A juggernaut (Depths:3)
  The ghost of cliffracer the Barachian Blade, a veteran BaGl of Hepliaklqana (Depths:2)
  A golden dragon (Depths:5)
  2 tentacled monstrosities
  Rupert (D:14)
  2 deep elf master archers (Elf:3)
  2 deep elf blademasters (Elf:3)
  A lich (Vaults:3)
  Asterion (Elf:1)
  2 quicksilver dragons
  A titan (Vaults:4)
  6 sphinxes
  An eldritch tentacle (WizLab)
  2 thorn hunters
  Donald (Elf:1)
  2 tengu reavers
  4 storm dragons
  8 nagarajas
  The ghost of namelastname112 the Lord of Darkness, an adept TeAs of Kikubaaqudgha (Snake:4)
  5 frost giants
  4 fire giants
  5 deep elf sorcerers
  5 vault wardens
  2 deep elf elementalists (Elf:3)
  7 ironheart preservers
  Louise (Depths:4)
  20 stone giants
  2 reapers (Depths:4)
  A cacodemon (Depths:4)
  3 spriggan defenders
  5 very ugly things (Depths:3)
  5 vampire knights
  Nessos (D:14)
  8 deep elf demonologists
  4 deep elf annihilators (Elf:3)
  Azrael (Elf:1)
  A red draconian (Depths:5)
  A purple draconian (Depths:5)
  A crystal guardian (Vaults:4)
  13 spark wasps
  2 green deaths (Depths:4)
  2 blizzard demons
  7 ettins
  4 deep elf death magi
  9 yaktaur captains
  A minotaur (Lab)
  3 deep elf high priests (Elf:3)
  Josephine (D:11)
  11 ogre magi
  6 ice dragons
  19 fire dragons
  6 great orbs of eyes
  8 vault guards
  9 hydras
  6 rakshasas
  4 catoblepae
  24 naga warriors
  A monstrous demonspawn (Depths:4)
  The ghost of namelastname112 the Black Sun, a journeyman DrNe of Kikubaaqudgha (D:11)
  Erica (D:8)
  15 anacondas
  2 ghost crabs
  5 spriggan air magi
  4 death knights
  A merfolk avatar (Depths:4)
  4 centaur warriors
  An alligator snapping turtle (Depths:4)
  3 merfolk aquamancers (Depths:4)
  37 two-headed ogres
  A queen ant (Lair:3)
  13 dancing weapons
  8 deep troll shamans
  11 alligators
  18 death yaks
  10 naga sharpshooters
  2 vampire magi (Depths:3)
  A hell hog (Volcano)
  10 deep troll earth magi
  A tengu warrior (D:15)
  A thrashing horror (WizLab)
  3 orc high priests
  4 spriggan berserkers
  Sonja (D:11)
  7 hell knights
  10 shock serpents
  2 soul eaters
  3 sun demons
  The ghost of namelastname112 the Scholar of Death, a novice DrNe of Kikubaaqudgha (D:8)
  A shadow wraith (Vaults:3)
  6 deep elf knights
  A sixfirhy (WizLab)
  4 skeletal warriors (Depths:4)
  5 iron trolls
  3 salamander mystics
  A torturous demonspawn (Depths:3)
  2 unseen horrors
  2 sea snakes (Snake:4)
  12 swamp dragons
  A gelid demonspawn (Depths:3)
  A large abomination (WizLab)
  5 shambling mangroves
  38 deep trolls
  6 wizards
  2 spriggan druids
  11 glowing orange brains
  9 naga ritualists
  2 obsidian statues
  4 flayed ghosts
  A harpy (Depths:4)
  7 deep elf archers
  11 ironbrand convokers
  3 phantasmal warriors
  2 wolf spider zombies
  3 wolf spiders
  11 orc sorcerers
  54 deep elf magi
  9 mana vipers
  8 orc knights
  3 necromancers
  A frost giant zombie (Vaults:4)
  4 manticores
  A manticore (shapeshifter) (Elf:3)
  Joseph (D:8)
  10 salamanders
  6 cyclopes
  A frost giant skeleton (Vaults:4)
  7 centaur zombies
  9 guardian serpents
  An oklob plant (Lair:5)
  22 naga magi
  10 elephants
  13 ugly things
  35 black mambas
  12 vault sentinels
  10 spiny frogs
  Maurice (D:8)
  Psyche (D:9)
  3 rust devils
  A smoke demon (Depths:2)
  An orange demon (Depths:1)
  2 gargoyles
  2 ice statues (IceCv)
  A demonspawn skeleton (WizLab)
  A spiny frog (shapeshifter) (D:14)
  3 kobold demonologists
  35 yaktaurs
  7 freezing wraiths
  7 ice devils
  An efreet (D:13)
  9 komodo dragons
  A rime drake (Lair:2)
  A tormentor (WizLab)
  2 tengu conjurers
  A redback zombie (D:9)
  A rime drake (shapeshifter) (Vaults:3)
  An ancient zyme (WizLab)
  5 hellwings
  2 trolls (shapeshifter)
  A polar bear (Vaults:2)
  3 red devils
  7 trolls
  A jumping spider (shapeshifter) (Vaults:3)
  A merfolk (shapeshifter) (Elf:2)
  2 guardian mummies (Depths:4)
  A tengu simulacrum (Vaults:4)
  3 meliai (D:14)
  3 meliai (shapeshifter)
  A queen bee (D:10)
  22 hornets
  A harpy skeleton (D:15)
  A queen bee (shapeshifter) (Vaults:2)
  5 tyrant leeches
  A hornet (shapeshifter) (Depths:3)
  A dream sheep (shapeshifter) (Elf:3)
  A blink frog (shapeshifter) (Elf:2)
  7 blink frogs
  7 bog bodies
  6 hippogriffs
  A snapping turtle (shapeshifter) (Depths:3)
  A stone giant simulacrum (Vaults:3)
  34 slime creatures
  2 centaur simulacra (D:11)
  7 redbacks
  6 air elementals
  3 hogs (D:9)
  A ynoxinul (WizLab)
  A yak (shapeshifter) (Depths:4)
  44 yaks
  7 spriggans
  5 fire bats
  A vampire (D:13)
  9 water elementals
  A basilisk (D:15)
  7 wraiths
  A shadow (D:12)
  A basilisk (shapeshifter) (Vaults:2)
  8 fire elementals
  A human (D:9)
  3 wyverns
  4 hungry ghosts (Lab)
  19 vampire mosquitoes
  2 steam dragons (Volcano)
  4 wargs
  20 insubstantial wisps
  4 spatial vortices (WizLab)
  14 swamp worms
  17 water moccasins
  13 soldier ants
  44 nagas
  12 porcupines
  An acid dragon (Vaults:2)
  5 hell hounds
  8 swamp drakes
  An infernal demonspawn skeleton (WizLab)
  A sky beast (shapeshifter) (Depths:3)
  A black bear (D:9)
  16 ice beasts
  A slave (D:8)
  A black bear (shapeshifter) (Elf:2)
  4 starcursed masses (WizLab)
  An eye of draining (shapeshifter) (Vaults:1)
  7 sky beasts
  21 orc warriors
  4 phantoms
  7 wolves
  15 boggarts
  2 necrophages (D:10)
  26 ogres
  13 centaurs
  14 crocodiles
  A small abomination (WizLab)
  12 big kobolds
  A wyvern zombie (D:9)
  20 bullfrogs
  5 gnoll sergeants (D:12)
  2 earth elementals (Elf:1)
  6 scorpions
  A wyvern skeleton (D:14)
  28 killer bees
  8 howler monkeys
  4 wights (D:13)
  An electric eel (D:10)
  6 jellies
  16 crimson imps
  3 bullfrog zombies
  A quasit (Depths:2)
  3 hounds
  11 orc priests
  4 bullfrog skeletons
  2 iron imps (Depths:1)
  4 iguanas
  3 centaur skeletons
  27 orc wizards
  19 worker ants
  A killer bee zombie (D:8)
  A bullfrog simulacrum (D:11)
  A hound skeleton (D:8)
  A howler monkey zombie (D:6)
  A worker ant zombie (D:10)
  16 gnolls
  15 adders
  A howler monkey skeleton (D:9)
  13 shadow imps
  19 white imps
  7 ufetubi
  An ooze (D:1)
  An adder zombie (D:8)
  An adder skeleton (D:7)
  4 worms
  4 dart slugs
  6 leopard geckos
  69 orcs
  4 bats
  7 giant cockroaches
  6 goblins
  11 hobgoblins
  19 kobolds
  5 quokkas
  3 ball pythons
  12 frilled lizards
  A jackal skeleton (D:4)
  A leopard gecko zombie (D:8)
  3 quokka skeletons
  6 rats
  A briar patch (Swamp:4)
  2 plants
1852 creatures vanquished.

Vanquished Creatures (collateral kills)
  Jorgrun (Swamp:4)
  Gastronok (Lair:3)
  A ghoul (Vaults:3)
  A deep elf elementalist (Elf:3)
  Aizul (Snake:2)
  A reaper (IceCv)
  Fannar (Orc:1)
  Erolcha (Orc:1)
  4 hydras
  An alligator (Swamp:4)
  A death knight (Vaults:3)
  An ogre mage (D:15)
  A dancing weapon (Elf:1)
  A two-headed ogre (D:15)
  3 death yaks
  A shock serpent (Snake:4)
  A hell knight (Depths:4)
  A naga ritualist (Snake:4)
  A harpy (shapeshifter) (Vaults:3)
  A wolf spider zombie (D:12)
  A shambling mangrove (Swamp:3)
  A cyclops (Orc:2)
  An ugly thing (D:8)
  A deep elf mage (Elf:1)
  An oklob plant (Lair:1)
  A vault sentinel (Vaults:3)
  3 elephants
  A naga mage (Snake:2)
  A torpor snail (Lair:2)
  A spiny frog (Lair:5)
  A komodo dragon (Lair:3)
  3 yaktaurs (Depths:1)
  2 ice devils (IceCv)
  A tyrant leech (Swamp:2)
  A slime creature (Depths:1)
  A hornet (Swamp:3)
  A hippogriff (Lair:4)
  2 redbacks (Depths:1)
  A spriggan (Swamp:1)
  3 wraiths
  4 yaks
  A basilisk (D:15)
  2 vampire mosquitoes
  A warg (Orc:1)
  3 swamp worms
  4 nagas (Snake:4)
  2 insubstantial wisps (Swamp:4)
  7 soldier ants (Lair:3)
  A water moccasin (Lair:5)
  A porcupine (Lair:3)
  3 ice beasts
  An orc warrior (Orc:2)
  An ogre (D:15)
  3 crocodiles
  2 bullfrogs
  A killer bee (D:11)
  4 orc priests (Orc:2)
  4 worker ants (Lair:3)
  3 orc wizards (Orc:2)
  A white imp (IceCv)
  2 ufetubi (IceCv)
  3 orcs (Orc:2)
  A ball python (Snake:2)
  A briar patch (Swamp:4)
  2 fungi (Lair:5)
111 creatures vanquished.

Vanquished Creatures (others)
  2 yaktaur captains
  A fire dragon (Depths:3)
  2 centaur warriors
  A wolf spider (Vaults:2)
  A naga mage (Snake:4)
  2 yaktaurs (Depths:1)
  2 spriggans (Swamp:4)
  4 insubstantial wisps (Swamp:4)
  A naga (Snake:4)
  A swamp drake (Swamp:4)
  2 centaurs
  A white imp (IceCv)
  5 ufetubi (IceCv)
  An orc (Orc:2)
  12 fungi
  A lurking horror (WizLab)
  6 plants
  78 spectral weapons
123 creatures vanquished.

Grand Total: 2086 creatures vanquished

Notes
Turn   | Place    | Note
-------+----------+-------------------------------------------
     0 | D:1      | MackTheKnife the Gargoyle Wanderer began the quest for the Orb.
     0 | D:1      | MackTheKnife set off with: a book of Minor Magic, a +0 spear, the Grimoire of Earth, a +0 robe, a bread ration {@e1}
     0 | D:1      | Reached XP level 1. HP: 10/10 MP: 3/3
     0 | D:1      | Identified the Grimoire of Earth
     2 | D:1      | Learned a level 1 spell: Sandblast
   206 | D:1      | Learned a level 1 spell: Magic Dart
   272 | D:1      | Reached XP level 2. HP: 15/15 MP: 1/5
   326 | D:1      | HP: 3/15 [leopard gecko (1)]
   328 | D:1      | Reached skill level 4 in Earth Magic
   331 | D:1      | Reached skill level 1 in Conjurations
   784 | D:1      | Reached XP level 3. HP: 11/19 MP: 3/6
  1079 | D:1      | Learned a level 3 spell: Stone Arrow
  1610 | D:1      | Reached skill level 2 in Conjurations
  1648 | D:1      | Reached XP level 4. HP: 18/24 MP: 3/7
  1666 | D:1      | Reached skill level 5 in Earth Magic
  2287 | D:3      | Reached XP level 5. HP: 28/28 MP: 6/8
  2303 | D:3      | Found a blossoming altar of Fedhas.
  2464 | D:3      | Reached skill level 3 in Conjurations
  2660 | D:3      | Reached skill level 6 in Earth Magic
  2713 | D:3      | Noticed a phantom
  2718 | D:3      | Killed a phantom
  2718 | D:3      | Reached skill level 4 in Conjurations
  2718 | D:3      | Reached XP level 6. HP: 25/32 MP: 1/9
  2981 | D:4      | Found a snail-covered altar of Cheibriados.
  3309 | D:4      | Noticed a phantom
  3402 | D:4      | Killed a phantom
  3402 | D:4      | Reached skill level 3 in Spellcasting
  3439 | D:4      | Reached XP level 7. HP: 30/36 MP: 3/12
  3775 | D:5      | Entered Level 5 of the Dungeon
  3799 | D:4      | Reached skill level 4 in Spellcasting
  3945 | D:5      | Reached skill level 1 in Fighting
  4047 | D:5      | Reached skill level 2 in Fighting
  4070 | D:5      | Noticed a two-headed ogre
  4138 | D:5      | Reached skill level 3 in Fighting
  4190 | D:5      | Reached skill level 4 in Fighting
  4425 | D:5      | Found a staircase to the Ecumenical Temple.
  4431 | Temple   | Entered the Ecumenical Temple
  4642 | Temple   | Became a worshipper of Makhleb the Destroyer
  5042 | D:5      | Found an opulent altar of Gozag.
  5265 | D:6      | Reached XP level 8. HP: 48/48 MP: 10/14
  5278 | D:6      | Reached skill level 5 in Fighting
  5298 | D:6      | Reached skill level 6 in Fighting
  5639 | D:6      | Reached skill level 7 in Fighting
  5773 | D:6      | Found a hide-covered altar of Uskayaw.
  5988 | D:6      | Found a bloodstained altar of Trog.
  6076 | D:6      | Found Kuaps's Magic Scroll Shop.
  6205 | D:7      | Reached skill level 8 in Fighting
  6668 | D:7      | HP: 1/56 [orc warrior/dire flail (18)]
  6696 | D:7      | Reached * piety under Makhleb
  6696 | D:7      | Reached skill level 9 in Fighting
  6696 | D:7      | Reached XP level 9. HP: 47/60 MP: 0/15
  6803 | D:7      | Reached skill level 1 in Short Blades
  6828 | D:7      | Found a shadowy altar of Dithmenos.
  7003 | D:7      | Reached skill level 2 in Short Blades
  7432 | D:7      | Reached skill level 3 in Short Blades
  7502 | D:8      | Noticed namelastname112's ghost (novice DrNe)
  7816 | D:8      | Noticed Erica
  7861 | D:8      | Killed Erica
  7861 | D:8      | Reached skill level 5 in Short Blades
  7940 | D:8      | Learned a level 3 spell: Mephitic Cloud
  8040 | D:8      | Reached skill level 6 in Short Blades
  8168 | D:8      | Killed namelastname112's ghost
  8168 | D:8      | Reached skill level 7 in Short Blades
  8168 | D:8      | Reached XP level 10. HP: 34/66 MP: 1/16
  8279 | D:8      | Noticed Joseph
  8522 | D:8      | Noticed a cyan ugly thing
  8524 | D:8      | Noticed a manticore
  8524 | D:8      | Noticed a two-headed ogre
  8607 | D:8      | Reached ** piety under Makhleb
  8846 | D:8      | Killed a manticore
  8846 | D:8      | Reached skill level 10 in Fighting
  8893 | D:8      | Killed a two-headed ogre
  8893 | D:8      | Reached skill level 11 in Fighting
  8902 | D:8      | Got a translucent zirconium amulet
  8912 | D:8      | Got a shimmering bardiche {chop}
  8926 | D:8      | Killed Joseph
  9136 | D:8      | Killed a cyan ugly thing
  9136 | D:8      | Reached skill level 12 in Fighting
  9352 | D:8      | Noticed Maurice
  9364 | D:7      | Identified the amulet of the Raven {Faith *Slow rC+ Str+2} (You took it off an orc on level 8 of the Dungeon)
  9386 | D:8      | Identified the cursed +0 bardiche of Xom's Outrage {chop, +Blink +Rage} (You took it off an orc on level 8 of the Dungeon)
  9616 | D:8      | Noticed Pikel
  9764 | D:8      | Killed Maurice
  9862 | D:8      | Reached XP level 11. HP: 74/76 MP: 6/17
 10023 | D:9      | Noticed a two-headed ogre
 10177 | D:9      | Found Mynuphue's Armour Shoppe.
 10195 | D:9      | Bought the +0 mask of the Dragon {MR+ Slay+3 SInv} for 534 gold pieces
 10195 | D:9      | Found the +0 mask of the Dragon {MR+ Slay+3 SInv}
 10267 | D:9      | Reached skill level 2 in Shields
 10601 | D:9      | Noticed Psyche
 10607 | D:9      | Killed Psyche
 10607 | D:9      | Reached *** piety under Makhleb
 10607 | D:9      | Reached skill level 3 in Shields
 10623 | D:10     | Entered Level 10 of the Dungeon
 10773 | D:10     | Reached skill level 4 in Shields
 10796 | D:10     | Reached skill level 1 in Invocations
 10853 | D:10     | Reached skill level 2 in Invocations
 10966 | D:10     | Reached skill level 3 in Invocations
 11239 | D:10     | Noticed a two-headed ogre
 11248 | D:10     | Killed a two-headed ogre
 11248 | D:10     | Reached skill level 4 in Invocations
 11252 | D:10     | Reached skill level 5 in Invocations
 11270 | D:10     | Learned a level 3 spell: Regeneration
 11623 | D:10     | Found a shimmering altar of Xom.
 11756 | D:9      | Reached skill level 6 in Invocations
 11771 | D:9      | Reached **** piety under Makhleb
 11780 | D:9      | Reached skill level 2 in Stealth
 11853 | D:9      | Reached skill level 3 in Stealth
 11973 | D:9      | Reached skill level 4 in Stealth
 12075 | D:9      | Reached skill level 5 in Stealth
 12232 | D:9      | Reached skill level 6 in Stealth
 12241 | D:9      | Got a translucent leather armour
 12265 | D:9      | Identified the +1 leather armour "Epikhona" {Int-3 Dex+7} (You found it on level 9 of the Dungeon)
 12333 | D:9      | Found an iron altar of Okawaru.
 12475 | D:9      | Reached skill level 7 in Earth Magic
 12631 | D:9      | Found a hazy altar of Hepliaklqana.
 12655 | D:9      | Reached XP level 12. HP: 82/82 MP: 13/19
 12686 | D:9      | Reached skill level 5 in Conjurations
 12704 | D:9      | Killed a two-headed ogre
 12859 | D:9      | Found a stormy altar of Qazlal.
 12882 | D:9      | Reached skill level 1 in Charms
 12937 | D:9      | Reached skill level 1 in Necromancy
 13058 | D:11     | Noticed Sonja
 13059 | D:11     | Reached skill level 2 in Charms
 13062 | D:11     | Reached skill level 2 in Necromancy
 13196 | D:11     | Killed Sonja
 13200 | D:11     | Noticed namelastname112's ghost (journeyman DrNe)
 13203 | D:10     | Reached ***** piety under Makhleb
 13323 | D:11     | Reached skill level 3 in Charms
 13550 | D:11     | Reached skill level 3 in Necromancy
 13821 | D:11     | Reached skill level 4 in Necromancy
 14038 | D:11     | Killed namelastname112's ghost
 14038 | D:11     | Reached skill level 5 in Necromancy
 14066 | D:11     | Learned a level 4 spell: Animate Dead
 14157 | D:11     | Reached skill level 5 in Spellcasting
 14388 | D:11     | Found a staircase to the Lair.
 14413 | D:11     | Noticed a two-headed ogre
 14427 | D:11     | Killed a two-headed ogre
 14464 | D:11     | Noticed Josephine
 14878 | D:11     | Reached skill level 6 in Spellcasting
 14901 | D:11     | Killed Josephine
 15018 | Lair:1   | Entered Level 1 of the Lair of Beasts
 15060 | Lair:1   | Reached XP level 13. HP: 86/87 MP: 15/23
 15170 | Lair:1   | Reached skill level 1 in Air Magic
 15170 | Lair:1   | Reached skill level 1 in Poison Magic
 15314 | Lair:1   | Reached skill level 2 in Poison Magic
 15333 | Lair:1   | Reached skill level 2 in Air Magic
 15369 | Lair:1   | Learned a level 2 spell: Blink
 15845 | Lair:2   | Found a frozen archway.
 15857 | Lair:2   | Reached skill level 6 in Conjurations
 15994 | IceCv    | Entered an ice cave
 16572 | IceCv    | Reached skill level 7 in Conjurations
 16880 | IceCv    | Noticed a reaper
 16906 | IceCv    | Killed a reaper
 16916 | IceCv    | Got a pair of transparent gloves
 16939 | IceCv    | Reached skill level 8 in Conjurations
 17151 | Lair:2   | Identified the +0 pair of gloves "Mesuc" {rElec Dex+4 Stlth-} (You found it in an ice cave)
 17178 | Lair:2   | Found a white marble altar of Elyvilon.
 17239 | Lair:2   | Reached skill level 2 in Long Blades
 17298 | Lair:2   | Reached skill level 3 in Long Blades
 17445 | Lair:2   | Reached skill level 4 in Long Blades
 18068 | Lair:3   | Reached skill level 5 in Long Blades
 18260 | Lair:3   | Found a staircase to the Swamp.
 18270 | Lair:3   | Noticed Gastronok
 18308 | Lair:3   | Killed Gastronok
 18308 | Lair:3   | Reached skill level 6 in Long Blades
 18471 | Lair:3   | Reached skill level 7 in Long Blades
 18485 | Lair:3   | HP: 15/87 [death yak (13)]
 18767 | Lair:3   | Reached skill level 8 in Long Blades
 18774 | Lair:3   | Gained mutation: Your large and strong wings let you fly indefinitely. [Gargoyle growth]
 18774 | Lair:3   | Reached XP level 14. HP: 92/92 MP: 24/24
 19204 | Lair:4   | Reached skill level 9 in Long Blades
 19442 | Lair:4   | Found a staircase to the Snake Pit.
 19887 | Lair:5   | Reached skill level 10 in Long Blades
 19964 | Lair:5   | Found a runed door.
 19964 | Lair:5   | Found a viscous altar of Jiyva.
 19965 | Lair:5   | Found a staircase to the Slime Pits.
 19965 | Lair:5   | Noticed an acid blob
 19965 | Lair:5   | Noticed an acid blob
 20238 | Lair:5   | Learned a level 3 spell: Spectral Weapon
 20423 | Lair:6   | Entered Level 6 of the Lair of Beasts
 20446 | Lair:6   | Found a labyrinth entrance.
 20455 | Lab      | Entered a labyrinth
 20723 | Lab      | Got a brightly glowing flail {vamp}
 20737 | Lab      | Found the +8 whip "Snakebite" {curare, rPois}
 20748 | Lab      | Got an encrusted shortbow
 21039 | Lair:6   | Reached skill level 11 in Long Blades
 21577 | Lair:6   | Reached skill level 12 in Long Blades
 21808 | Lair:6   | Reached XP level 15. HP: 90/97 MP: 23/25
 22202 | D:12     | Reached skill level 13 in Long Blades
 22762 | D:12     | Found a staircase to the Orcish Mines.
 22765 | D:12     | Reached skill level 13 in Fighting
 22954 | Orc:1    | Entered Level 1 of the Orcish Mines
 23336 | D:6      | Bought a scroll of enchant weapon for 82 gold pieces
 23337 | D:6      | Bought a scroll of blinking for 82 gold pieces
 23337 | D:6      | Bought a scroll of identify for 22 gold pieces
 23523 | Orc:2    | Entered Level 2 of the Orcish Mines
 23587 | Orc:2    | Reached ****** piety under Makhleb
 23600 | Orc:2    | Found a dark tunnel.
 23612 | Volcano  | Entered a volcano
 24008 | Orc:2    | Found a staircase to the Elven Halls.
 24119 | Orc:2    | Reached skill level 14 in Fighting
 24139 | Orc:2    | Found Aregepn's Book Boutique.
 24197 | Orc:2    | Found an ancient bone altar of Kikubaaqudgha.
 24233 | Orc:2    | Found Nuocisodgh's Distillery.
 24250 | Orc:2    | Found a radiant altar of Vehumet.
 24256 | Orc:2    | Bought a potion of curing for 36 gold pieces
 24256 | Orc:2    | Bought a potion of curing for 36 gold pieces
 24256 | Orc:2    | Bought a potion of curing for 36 gold pieces
 24256 | Orc:2    | Bought 2 potions of curing for 72 gold pieces
 24444 | Orc:2    | Found a roughly hewn altar of Beogh.
 24444 | Orc:2    | Found Zesuikhi's Antique Armour Shop.
 24457 | Orc:2    | Found Virooni's Book Boutique.
 24475 | Orc:2    | Bought an ancient ring mail for 270 gold pieces
 24475 | Orc:2    | Bought a runed cloak for 225 gold pieces
 24485 | Orc:2    | Identified the +8 ring mail of Perfidy {rCorr Str-2 Int+7} (You bought it in a shop on level 2 of the Orcish Mines)
 24587 | Orc:1    | Noticed Erolcha
 24612 | Orc:1    | Killed Erolcha
 24612 | Orc:1    | Reached skill level 1 in Armour
 24672 | Orc:1    | Noticed Fannar
 24681 | Orc:1    | Killed Fannar
 24681 | Orc:1    | Reached skill level 2 in Armour
 24953 | D:13     | Reached skill level 3 in Armour
 24978 | D:13     | Reached skill level 4 in Armour
 24980 | D:13     | Found a gate to the Vaults.
 25280 | D:13     | Reached skill level 5 in Armour
 25594 | D:14     | Found Jyitim's Island Escapes.
 25602 | D:14     | Bought a scroll of blinking for 105 gold pieces
 25602 | D:14     | Bought a scroll of blinking for 105 gold pieces
 25634 | D:14     | Reached skill level 6 in Armour
 25674 | D:14     | Noticed Nessos
 25687 | D:14     | Killed Nessos
 25853 | D:14     | Got a bloodstained helmet
 25854 | D:14     | Identified the cursed +0 helmet "Leklejen" {rPois Dex+3} (You found it on level 14 of the Dungeon)
 25876 | D:14     | Reached skill level 7 in Armour
 26002 | D:14     | Noticed an angel
 26003 | D:14     | Found a glowing silver altar of Zin.
 26049 | D:14     | Learned a level 1 spell: Apportation
 26206 | D:15     | Entered Level 15 of the Dungeon
 26258 | D:15     | Reached skill level 1 in Dodging
 26326 | D:15     | Reached XP level 16. HP: 107/107 MP: 26/26
 26511 | D:15     | Reached skill level 2 in Dodging
 26530 | D:15     | Reached skill level 3 in Dodging
 26593 | D:15     | Reached skill level 4 in Dodging
 26704 | D:15     | Reached skill level 5 in Shields
 26708 | D:15     | Found a staircase to the Depths.
 27426 | Swamp:1  | Entered Level 1 of the Swamp
 27512 | Swamp:1  | Reached skill level 6 in Shields
 27858 | Swamp:1  | Reached skill level 7 in Shields
 28188 | Swamp:2  | Reached skill level 8 in Shields
 28506 | Swamp:2  | Reached skill level 9 in Shields
 28772 | Swamp:2  | Reached skill level 10 in Shields
 28935 | Swamp:3  | Found a bloodstained altar of Trog.
 29279 | Swamp:3  | Noticed a tentacled monstrosity
 29346 | Swamp:3  | Killed a tentacled monstrosity
 29346 | Swamp:3  | Reached skill level 11 in Shields
 29547 | Swamp:3  | Noticed a thorn hunter
 29554 | Swamp:3  | Killed a thorn hunter
 29620 | Swamp:4  | Entered Level 4 of the Swamp
 29631 | Swamp:4  | Reached skill level 12 in Shields
 29700 | Swamp:4  | Reached XP level 17. HP: 112/112 MP: 24/27
 29967 | Swamp:4  | Reached skill level 13 in Shields
 29982 | Swamp:4  | Got a bloodstained great sword
 29985 | Swamp:4  | Identified the +4 great sword of Gravity {antimagic, rPois MR- Str+2 Int+5} (You found it on level 4 of the Swamp)
 30206 | Swamp:4  | Noticed the 27-headed Lernaean hydra
 30304 | Swamp:4  | Noticed Jorgrun
 30315 | Swamp:4  | Killed Jorgrun
 30394 | Swamp:4  | Reached skill level 14 in Shields
 30464 | Swamp:4  | Got a decaying rune of Zot
 30683 | Snake:1  | Entered Level 1 of the Snake Pit
 31327 | Snake:1  | Reached skill level 15 in Shields
 31561 | Snake:1  | Reached skill level 8 in Earth Magic
 31698 | Snake:2  | Reached skill level 9 in Earth Magic
 31913 | Snake:2  | Reached skill level 10 in Earth Magic
 32112 | Snake:2  | Noticed Aizul
 32127 | Snake:2  | Killed Aizul
 32196 | Snake:2  | Reached skill level 11 in Earth Magic
 32512 | Lair:3   | Reached XP level 18. HP: 117/117 MP: 28/28
 32676 | Orc:2    | Bought a book of Power for 630 gold pieces
 32683 | Orc:2    | Learned a level 6 spell: Iron Shot
 32819 | D:9      | Bought the cursed +0 pair of boots "Moisues" {+Fly rC+ Regen+} for 281 gold pieces
 33105 | Snake:3  | Got a distressingly furry cloak
 33142 | Snake:3  | Identified the +0 cloak of the Present {*Drain rF++ Dex+3} (You found it on level 3 of the Snake Pit)
 33287 | Snake:3  | Reached skill level 7 in Spellcasting
 33427 | Snake:3  | Reached skill level 8 in Spellcasting
 33905 | Snake:4  | Entered Level 4 of the Snake Pit
 33951 | Snake:4  | Reached skill level 9 in Spellcasting
 34053 | Snake:4  | Found Xeste's Antique Weapon Shoppe.
 34291 | Snake:4  | Noticed namelastname112's ghost (adept TeAs)
 34454 | Snake:4  | Reached skill level 10 in Spellcasting
 34664 | Snake:4  | Reached skill level 4 in Charms
 34755 | Snake:4  | Killed namelastname112's ghost
 34842 | Snake:4  | Reached skill level 9 in Conjurations
 34846 | Snake:4  | Reached skill level 5 in Charms
 34942 | Snake:4  | Reached skill level 10 in Conjurations
 35046 | Snake:4  | Got a serpentine rune of Zot
 35067 | Snake:4  | Reached skill level 12 in Earth Magic
 35105 | Snake:4  | Reached XP level 19. HP: 122/122 MP: 13/33
 35435 | Snake:2  | Reached skill level 13 in Earth Magic
 35626 | Vaults:1 | Entered Level 1 of the Vaults
 35639 | Vaults:1 | Found Pypauf's Weapon Shop.
 36012 | Vaults:1 | Reached skill level 14 in Earth Magic
 36535 | Vaults:2 | Found Saezou's Jewellery Emporium.
 36668 | Vaults:2 | Reached skill level 15 in Earth Magic
 36811 | Vaults:2 | Identified a scroll of acquirement
 37192 | Vaults:2 | Reached skill level 16 in Earth Magic
 37356 | Vaults:2 | Reached skill level 17 in Earth Magic
 37531 | Vaults:2 | Reached skill level 18 in Earth Magic
 37825 | Vaults:3 | Found Osuefrum's Antique Armour Shop.
 37835 | Vaults:3 | Bought a shiny shield for 180 gold pieces
 37878 | Vaults:3 | Reached skill level 19 in Earth Magic
 37888 | Vaults:3 | HP: 30/122 [phantasmal warrior[a death knight] (11)]
 37900 | Vaults:3 | Reached XP level 20. HP: 68/128 MP: 29/34
 38170 | Elf:1    | Entered Level 1 of the Elven Halls
 38244 | Elf:1    | Found Maitec's Weapon Shoppe.
 38245 | Elf:1    | Found the +18 shield of the Gong {rElec rN+ MR+ EV-5}
 38366 | Elf:1    | Noticed Asterion
 38419 | Elf:1    | Reached skill level 20 in Earth Magic
 38490 | Elf:1    | Noticed Donald
 38505 | Elf:1    | Killed Donald
 38762 | Elf:1    | Identified the Tome of Conjuration and Calling
 38882 | Elf:2    | Found Fiutaegh's Magic Scroll Shoppe.
 38887 | Elf:2    | Bought a scroll of enchant weapon for 105 gold pieces
 38887 | Elf:2    | Bought a scroll of blinking for 105 gold pieces
 39039 | Elf:2    | Reached skill level 21 in Earth Magic
 39378 | Elf:2    | Found an ancient bone altar of Kikubaaqudgha.
 39582 | Elf:2    | Found a huge runed gate.
 39588 | Elf:2    | Found a huge runed gate.
 39588 | Elf:2    | Found a huge runed gate.
 39588 | Elf:2    | Found a huge runed gate.
 39590 | Elf:2    | Found a huge runed gate.
 39646 | Elf:3    | Entered Level 3 of the Elven Halls
 39694 | Elf:3    | Reached skill level 15 in Fighting
 39945 | Elf:3    | Found Ytsiud's Book Boutique.
 39963 | Elf:3    | Bought a book of Geomancy for 385 gold pieces
 39969 | Elf:3    | Learned a level 5 spell: Lee's Rapid Deconstruction
 40672 | Elf:3    | Noticed a Brimstone Fiend
 40675 | Elf:3    | Reached skill level 16 in Fighting
 41054 | Elf:3    | Got a slimy leather armour
 41055 | Elf:3    | Got a slimy halberd {drain}
 41057 | Elf:3    | Identified the +1 leather armour of Qimeal {*Slow rF+ Dex+3} (You took it off a deep elf annihilator on level 3 of the Elven Halls)
 41231 | Elf:3    | Found the +0 Maxwell's etheric cage {RegenMP+ *Contam rElec MP+4}
 41360 | Elf:3    | Got a pitted tin ring
 41361 | Elf:3    | Identified the ring "Oxzaziud" {rElec MR+ EV+2} (You acquired it on level 3 of the Elven Halls)
 41507 | Elf:1    | You are sucked into a shaft!
 41595 | Elf:1    | Killed Asterion
 41595 | Elf:1    | Reached skill level 17 in Fighting
 41783 | Elf:1    | Noticed Azrael
 41806 | Elf:1    | Killed Azrael
 41806 | Elf:1    | Reached XP level 21. HP: 139/139 MP: 31/35
 42065 | Elf:1    | Learned a level 8 spell: Lehudib's Crystal Spear
 42342 | Vaults:3 | Found a staircase to the Crypt.
 42436 | Vaults:3 | Got a brightly glowing mace
 42490 | Vaults:3 | Reached skill level 14 in Long Blades
 42830 | Vaults:3 | Found Mupep's Weapon Shop.
 42856 | Vaults:3 | Reached skill level 15 in Long Blades
 43165 | Vaults:3 | Reached skill level 16 in Long Blades
 43303 | Vaults:3 | Reached skill level 17 in Long Blades
 43462 | Vaults:3 | Gained mutation: You expend magic power (3 MP) to strengthen your wands. [a neqoxec]
 43657 | Vaults:4 | Found a magical portal.
 43666 | WizLab   | Entered The Roulette of Golubria
 43666 | WizLab   | Found a transporter.
 43673 | WizLab   | Found a corrupted altar of Lugonu.
 43688 | WizLab   | Found a transporter.
 43707 | WizLab   | Found a transporter.
 43721 | WizLab   | Found a corrupted altar of Lugonu.
 43722 | WizLab   | Found a transporter.
 43722 | WizLab   | Found a transporter.
 43742 | WizLab   | Reached skill level 8 in Armour
 43780 | WizLab   | Found a transporter.
 43780 | WizLab   | Found a transporter.
 43808 | WizLab   | Found a transporter.
 43808 | WizLab   | Found a transporter.
 43839 | WizLab   | Found a transporter.
 43839 | WizLab   | Found a transporter.
 43873 | WizLab   | Found a transporter.
 43873 | WizLab   | Found a transporter.
 43894 | WizLab   | Identified Golubria's Guide on Displacement
 43904 | WizLab   | Found a transporter.
 43904 | WizLab   | Found a transporter.
 43927 | WizLab   | Found a transporter.
 43927 | WizLab   | Found a transporter.
 43981 | WizLab   | Found a transporter.
 43981 | WizLab   | Found a transporter.
 43990 | WizLab   | Found a corrupted altar of Lugonu.
 43993 | WizLab   | Reached skill level 9 in Armour
 44019 | WizLab   | Found a transporter.
 44046 | WizLab   | Got a faintly humming cloak
 44047 | WizLab   | Identified Golubria's Disquisition on Translocation
 44050 | WizLab   | Identified the cursed +0 cloak of the Aged Mice {+Blink rN+} (You found it in a wizard's laboratory)
 44198 | Vaults:4 | Found Tuiqu's Antique Armour Boutique.
 44201 | Vaults:4 | Bought a brightly glowing hat for 252 gold pieces
 44213 | Vaults:4 | Identified the +2 hat "Ubount" {rElec} (You bought it in a shop on level 4 of the Vaults)
 44241 | Vaults:4 | Got a flickering jade ring
 44243 | Vaults:4 | Identified the ring "Janawyax" {Ice Str-5 Dex+7} (You acquired it on level 4 of the Vaults)
 44373 | Vaults:4 | Noticed Mara
 44379 | Vaults:4 | Noticed MackTheKnife's illusion
 44577 | Vaults:4 | Reached skill level 10 in Armour
 45004 | Vaults:4 | Reached XP level 22. HP: 145/145 MP: 21/36
 45006 | Vaults:4 | Reached skill level 11 in Armour
 45075 | Vaults:4 | Noticed MackTheKnife's illusion
 45077 | Vaults:4 | Killed Mara
 45171 | D:14     | Noticed Rupert
 45182 | D:14     | Killed Rupert
 45265 | Depths:1 | Entered Level 1 of the Depths
 45293 | Depths:1 | Reached skill level 12 in Armour
 45512 | Depths:1 | Found a shattered altar of Ashenzari.
 45532 | Depths:1 | Found Upuirigi's Armour Shop.
 45560 | Depths:1 | Reached skill level 18 in Fighting
 46066 | Depths:1 | Found a gateway to Hell.
 46294 | Depths:2 | Reached skill level 19 in Fighting
 46826 | Depths:2 | Found a one-way gate leading to the halls of Pandemonium.
 47373 | Depths:3 | Reached skill level 20 in Fighting
 47478 | Depths:3 | Reached XP level 23. HP: 156/156 MP: 37/37
 47533 | Depths:3 | Reached skill level 11 in Spellcasting
 47603 | Depths:3 | Noticed a juggernaut
 47613 | Depths:3 | Killed a juggernaut
 47832 | Depths:3 | Reached skill level 12 in Spellcasting
 47942 | Depths:3 | Found a gateway to a ziggurat.
 48705 | Depths:2 | Reached skill level 13 in Spellcasting
 48717 | Depths:2 | Noticed cliffracer's ghost (veteran BaGl)
 48735 | Depths:2 | Killed cliffracer's ghost
 48887 | Depths:4 | Found a large runed door.
 48887 | Depths:4 | Found a large runed door.
 48891 | Depths:4 | HP: 39/156 [fire bat (2)]
 49181 | Depths:4 | Reached skill level 14 in Spellcasting
 49273 | Depths:4 | HP: 39/156 [spark wasp (illusionary) (4)]
 49865 | Depths:4 | Noticed Louise
 49916 | Depths:4 | Killed Louise
 49928 | Depths:4 | Found a one-way gate to the infinite horrors of the Abyss.
 50019 | Depths:4 | Reached skill level 15 in Spellcasting
 50066 | Depths:4 | Reached XP level 24. HP: 163/163 MP: 25/42
 50069 | Depths:4 | Reached skill level 11 in Conjurations
 50239 | Depths:4 | Reached skill level 12 in Conjurations
 50320 | Depths:4 | Got a coiled amethyst amulet
 50374 | Depths:4 | Identified the amulet of Feuri {Reflect rElec rC- Dex+4 SH+5} (You took it off a guardian mummy on level 4 of the Depths)
 50396 | Depths:5 | Entered Level 5 of the Depths
 50473 | Depths:4 | Reached skill level 13 in Conjurations
 50628 | Depths:5 | Noticed a juggernaut
 50630 | Depths:5 | Reached skill level 14 in Conjurations
 50676 | Depths:5 | HP: 3/163 [quicksilver dragon/bolt of dispelling energy (50)]
 50676 | Depths:5 | Slain by a shadow dragon

Vault maps used:
D:1:      grunt_arrival_lava_bath
D:2:      first_bread, dk_noncrumbling_2
D:3:      fedhas_altar_2
D:4:      kennysheep_slug_shrine
D:5:      nicolae_overflow_crystal_walls, temple_green, grunt_decor_fettered
D:6:      eat_drink_and_be_merry_uskayaw, kennysheep_mini_moat, serial_shops,
          kennysheep_little_box, kennysheep_generic_room_12
D:7:      grunt_dithmenos_smoke_and_mirrors
D:8:      minmay_the_grid_square_5x5_3x3, uniq_pikel, uniq_erica, uniq_joseph,
          uniq_maurice
D:9:      cheibrodos_grave_circle, nicolae_overflow_hidden_temple,
          okawaru_metal_pillars_1_2, lemuel_round_altar, serial_shops,
          nicolae_shop_window_shopping, grunt_ministairs_8, grunt_livestock,
          kennysheep_generic_room_15, uniq_psyche
D:10:     special_room, st_stairs_6, serial_bayou_lagoon_a, tgw_xom
D:11:     grunt_lair_entry_orc_guard_hut, serial_ice, serial_ice_h,
          serial_ice_o, serial_ice_g, serial_ice_i, serial_ice_m, serial_ice_n,
          serial_ice_d, serial_ice_f, uniq_sonja, uniq_josephine
D:12:     kennysheep_orc_monster_closet_entryway
D:13:     david_vaults_1
D:14:     zin_angel, nicolae_island_escapes, uniq_rupert, uniq_nessos
D:15:     grunt_enter_depths_hoard, minmay_misc_feat_secret_circle
Temple:   eino_narrow_crystal_temple
Lair:1:   grunt_megastairs_1, minmay_lair_oklob_chamber, serial_bayou_shore_b
Lair:2:   basic_altar, portal_ice_cave_entry_ice_beasts
Lair:3:   swamp_mist, minivault_29, serial_bayou_shore_a, uniq_gastronok
Lair:4:   minmay_snake_entry_spellcaster
Lair:5:   slime_altar_2
Lair:6:   evilmike_catoblepas_cave, lab_entry_generic, grunt_megastairs_5,
          infiniplex_staircase_pool
Swamp:1:  hangedman_swamp_diagram, swamp_pool2, hangedman_swamp_cone
Swamp:2:  serial_swamp_ruin, evilmike_swamp_ruin_house_2,
          evilmike_swamp_ruin_wall, evilmike_swamp_ruin_house_1
Swamp:3:  cheibrodos_swamp_monstrosity, basic_altar
Swamp:4:  swamp_old_school, swamp_pool1, uniq_jorgrun
Snake:1:  nicolae_snake_biting_tails, st_stairs_8
Snake:2:  minmay_snake_river, grunt_ministairs_8, nrook_guardian_serpent_double,
          grunt_megastairs_2, uniq_aizul
Snake:4:  snake_pit, serial_shops, shop, lemuel_fruit_tree
Orc:1:    uniq_fannar, uniq_erolcha
Orc:2:    kennysheep_orc_mage_school, enter_volcano_3
Elf:1:    eino_elf_arrival_sip, serial_shops, shop, minmay_elf_sorcery,
          uniq_donald, uniq_asterion, uniq_azrael
Elf:2:    serial_shops, shop_statue, basic_altar
Elf:3:    minmay_elf_hall_not_hex, serial_shops,
          nicolae_shop_temple_entry_statues_fountains, grunt_ministairs_11,
          serial_sigils_hangedman_stare
Vaults:1: v_misc_3, vaults_dpeg_hooks, nicolae_vaults_diagonal_hallway_9,
          vaults_mumra_hexcomb, ontoclasm_vaults_gateway, vaults_room_pools,
          v_misc_23, vaults_room_stairs_pillars, v_misc_10, serial_shops, shop
Vaults:2: grunt_vaults_trifunnel, v_misc_28, v_misc_23, v_misc_15,
          nicolae_vaults_big_ls, ontoclasm_vaults_pinch,
          vaults_mumra_minichess_inversion, nicolae_vaults_fighting_squares,
          v_misc_25, v_misc_27, nicolae_vaults_network_s,
          vaults_room_semicircle, serial_ice_h, nicolae_vaults_shelves_hall,
          ontoclasm_vaults_decontamination, nicolae_vaults_asterisk,
          nicolae_vaults_little_squares_5, serial_shops, nicolae_shop_trees
Vaults:3: v_misc_27, hangedman_vaults_stagger, blue_anna_dwarven_crypt,
          vaults_room_door_hall, nicolae_vaults_big_angled_halls,
          nicolae_vaults_asterisk, hangedman_vaults_corner_blocks,
          grunt_vaults_hallway_short, v_misc_28, dpeg_vaults_monster_box,
          serial_shops, nicolae_shop_crystal
Vaults:4: nicolae_vaults_yaktaur_gun_rack, vaults_room_grid,
          hangedman_vaults_trim, nicolae_vaults_little_squares_4,
          vaults_room_semicircle, v_misc_23, vaults_dpeg_ring,
          mu_enter_wizlab_3, serial_shops, nicolae_shop_behind_doors, uniq_mara
Depths:1: serial_shops, shop_fountains, minmay_misc_feat_room,
          grunt_hell_entry_demonic_statue, grunt_decor_arrowhead, spider_trap,
          ashenzari_altar_1
Depths:2: lemuel_troll_bridge, hellmouth_1, kennysheep_pointless_box,
          rand_demon_pan_entry_4, minmay_staircase_statues_hall_small
Depths:3: minmay_quarter_circles, enter_ziggurat_a, pf_coc_iceberg,
          rand_demon_pan_entry_7, hangedman_decor_growths,
          infiniplex_staircase_pillars_2
Depths:4: lightli_eight_chambers, rand_demon_pan_entry_9, hell_entry,
          nicolae_abyss_entry_one_way_or_another, infiniplex_staircase_pool_1,
          serial_bayou_shore_b
Depths:5: grunt_runaround, hell_entry, pan_entry
Lab:      labyrinth_mini_lab, nicolae_lab_statue, nicolae_lab_lava, lab_statue,
          nicolae_lab_checkerboard, nicolae_lab_t_cross, labyrinth_glass_1
IceCv:    ice_cave_small_demon
Volcano:  volcano_pools
WizLab:   wizlab_golubria

Skill      XL: |  1  2  3  4  5  6  7  8  9 10 11 12 13 14 15 16 17 18 19 20 21 22 23 24 |
---------------+-------------------------------------------------------------------------+-----
Earth Magic    | 4 5 6 7 11 12 19 21 | 21.0
Conjurations   | 1 2 4 5 8 10 14 | 14.6
Spellcasting   | 3 4 6 10 15 | 15.0
Fighting       | 4 9 12 14 17 20 | 20.0
Short Blades   | 7 |  7.5
Shields        | 4 12 15 | 15.0
Invocations    | 6 |  6.3
Stealth        | 6 |  6.1
Charms         | 3 5 |  5.0
Necromancy     | 5 |  5.8
Air Magic      | 2 |  2.0
Poison Magic   | 2 |  2.6
Long Blades    | 8 12 13 17 | 17.1
Armour         | 7 10 12 | 12.0
Dodging        | 1 4 |  4.0
Evocations     | |  1.0

Action                   |  1- 3 |  4- 6 |  7- 9 | 10-12 | 13-15 | 16-18 | 19-21 | 22-24 || total
-------------------------+-------+-------+-------+-------+-------+-------+-------+-------++-------
Melee: Spear             |    71 |       |       |       |       |       |       |       ||    71
       Flail             |     7 |    55 |    38 |       |       |       |       |       ||   100
       Dagger            |       |       |   158 |   691 |   105 |       |       |       ||   954
       Morningstar       |       |       |    15 |       |       |       |       |       ||    15
       Unarmed           |       |       |       |    11 |       |       |       |       ||    11
       Bardiche          |       |       |       |     6 |       |       |       |       ||     6
       Demon blade       |       |       |       |       |   811 |  1225 |  1584 |  1113 ||  4733
Throw: Tomahawk          |     4 |     1 |     2 |       |       |       |       |       ||     7
       Stone             |       |       |     5 |    12 |    15 |       |       |       ||    32
 Cast: Magic Dart        |    25 |     4 |    18 |     5 |     8 |       |       |       ||    60
       Sandblast         |    21 |    71 |    25 |    34 |       |       |       |       ||   151
       Stone Arrow       |     3 |     6 |    84 |   153 |   156 |    40 |       |       ||   442
       Mephitic Cloud    |       |       |       |    19 |    16 |     3 |       |       ||    38
       Regeneration      |       |       |       |     4 |    42 |    28 |    23 |    16 ||   113
       Animate Dead      |       |       |       |       |     1 |     4 |       |     1 ||     6
       Spectral Weapon   |       |       |       |       |    33 |    76 |    51 |    50 ||   210
       Blink             |       |       |       |       |     2 |       |       |       ||     2
       Iron Shot         |       |       |       |       |       |     1 |    31 |    53 ||    85
       Lee's Rapid Decon |       |       |       |       |       |       |    12 |    46 ||    58
Invok: Lesser Servant of |       |       |       |     7 |    59 |    32 |     6 |     6 ||   110
 Abil: Fly               |       |       |       |       |     1 |       |     1 |     1 ||     3
       Stop Flying       |       |       |       |       |       |       |     1 |     1 ||     2
Evoke: Sack of spiders   |       |       |       |    11 |     1 |       |       |       ||    12
       Wand              |       |       |       |     5 |     2 |     2 |     3 |     2 ||    14
       Lightning rod     |       |       |       |     3 |     9 |     2 |       |     1 ||    15
       Phial of floods   |       |       |       |       |       |       |     1 |     3 ||     4
       Lamp of fire      |       |       |       |       |       |       |     1 |     3 ||     4
  Use: Scroll            |     8 |     3 |     7 |    15 |    17 |    15 |    21 |    10 ||    96
       Potion            |       |       |     5 |     2 |       |       |     2 |       ||     9
 Stab: Invisible         |       |       |     5 |       |       |       |       |       ||     5
       Confused          |       |       |       |     6 |    12 |     6 |       |       ||    24
       Sleeping          |       |       |       |     1 |     7 |     2 |     6 |     1 ||    17
       Distracted        |       |       |       |     1 |    13 |    21 |     6 |     9 ||    50
  Eat: Chunk             |     3 |     4 |    16 |    11 |    30 |    14 |    18 |    14 ||   110
       Bread ration      |       |     1 |     2 |     5 |     3 |     3 |     5 |     4 ||    23
       Royal jelly       |       |       |       |     1 |       |     2 |     1 |       ||     4
       Fruit             |       |       |       |       |     1 |       |       |       ||     1
Armor: Robe              |    22 |       |       |   249 |   307 |       |       |       ||   578
       Leather armour    |     9 |    40 |   109 |    74 |       |       |       |       ||   232
       Skin              |       |       |       |     1 |       |       |       |       ||     1
       Ring mail         |       |       |       |       |    66 |   532 |   405 |   360 ||  1363
       Scale mail        |       |       |       |       |     8 |       |       |       ||     8
Dodge: Dodged            |    49 |    46 |   108 |   262 |   302 |   419 |   456 |   365 ||  2007
Block: Buckler           |       |       |       |    69 |   163 |   166 |       |       ||   398
       Shield            |       |       |       |       |       |   419 |   821 |  1067 ||  2307
       Reflection        |       |       |       |       |       |       |     9 |    79 ||    88
       Rpst.: Demon blade |       |       |       |       |    63 |    80 |    83 |    57 ||   283

Table legend:
 A = Spawn XP
 B = Non-spawn XP
 C = Spawn XP percentage of total XP
 D = Spawn monster count
 E = Non-spawn monster count
 F = Spawn count percentage of total count
 G = Total turns spent on level
                    A         B        C        D         E        F      G
               +---------+---------+-------+---------+---------+-------+---------
         Total |   86649 |  814981 |   9.6 |     220 |    1751 |  11.2 | 50676
               +---------+---------+-------+---------+---------+-------+---------
           D:1 |      12 |      54 |  18.2 |       3 |      23 |  11.5 |  1272
           D:2 |       2 |      46 |   4.2 |       1 |      10 |   9.1 |   693
           D:3 |     146 |     152 |  49.0 |      10 |      26 |  27.8 |   983
           D:4 |     141 |     164 |  46.2 |       3 |      11 |  21.4 |  1132
           D:5 |     133 |     269 |  33.1 |       1 |      10 |   9.1 |   837
           D:6 |      65 |     793 |   7.6 |       2 |      21 |   8.7 |  1222
           D:7 |     228 |     781 |  22.6 |       8 |      20 |  28.6 |  1283
           D:8 |     288 |    6305 |   4.4 |      12 |      42 |  22.2 |  2643
           D:9 |     406 |    6661 |   5.7 |       5 |      34 |  12.8 |  1991
          D:10 |    1214 |    2369 |  33.9 |       7 |      27 |  20.6 |  1333
          D:11 |    1337 |   10906 |  10.9 |      16 |      72 |  18.2 |  1937
          D:12 |     526 |    9101 |   5.5 |       2 |      52 |   3.7 |  1237
          D:13 |    1377 |    7409 |  15.7 |       8 |      31 |  20.5 |   729
          D:14 |    1522 |    7199 |  17.5 |       6 |      15 |  28.6 |   866
          D:15 |    2571 |    9787 |  20.8 |       7 |      21 |  25.0 |   903
        Lair:1 |       0 |    2631 |   0.0 |       0 |      11 |   0.0 |   921
        Lair:2 |    1045 |    5307 |  16.5 |       7 |      30 |  18.9 |  1445
        Lair:3 |    1512 |   11290 |  11.8 |       4 |      52 |   7.1 |   951
        Lair:4 |     218 |    1894 |  10.3 |       1 |       7 |  12.5 |   741
        Lair:5 |     626 |    7522 |   7.7 |       2 |      27 |   6.9 |   704
        Lair:6 |     650 |   19594 |   3.2 |       3 |      50 |   5.7 |  1229
       Swamp:1 |    1179 |    4857 |  19.5 |       5 |      13 |  27.8 |   673
       Swamp:2 |    1656 |   16646 |   9.0 |       5 |      41 |  10.9 |   864
       Swamp:3 |    2973 |   11901 |  20.0 |       4 |      26 |  13.3 |   754
       Swamp:4 |     993 |   25171 |   3.8 |       2 |      60 |   3.2 |   915
       Snake:1 |    1457 |   13705 |   9.6 |       2 |      25 |   7.4 |   995
       Snake:2 |    2940 |   23586 |  11.1 |       6 |      55 |   9.8 |  1005
       Snake:3 |    3217 |   12209 |  20.9 |       4 |      25 |  13.8 |   864
       Snake:4 |    5040 |   56231 |   8.2 |      11 |      90 |  10.9 |  1459
         Orc:1 |       0 |    3171 |   0.0 |       0 |      14 |   0.0 |   468
         Orc:2 |       0 |    8755 |   0.0 |       0 |      53 |   0.0 |   989
         Elf:1 |    4799 |   27346 |  14.9 |       9 |      43 |  17.3 |  1351
         Elf:2 |    2983 |   14744 |  16.8 |       4 |      25 |  13.8 |   938
         Elf:3 |     486 |   42993 |   1.1 |       2 |      50 |   3.8 |  1721
      Vaults:1 |    2342 |   17213 |  12.0 |       3 |      46 |   6.1 |   872
      Vaults:2 |    7407 |   44684 |  14.2 |      10 |      83 |  10.8 |  1630
      Vaults:3 |    4954 |   62098 |   7.4 |       8 |      84 |   8.7 |  1421
      Vaults:4 |    1055 |   34807 |   2.9 |       2 |      36 |   5.3 |   998
      Depths:1 |    4034 |   47484 |   7.8 |       6 |      88 |   6.4 |  1010
      Depths:2 |    1673 |   31697 |   5.0 |       1 |      40 |   2.4 |  1005
      Depths:3 |   12043 |   71415 |  14.4 |      14 |      71 |  16.5 |  1876
      Depths:4 |   11123 |   73899 |  13.1 |      13 |      90 |  12.6 |  1289
      Depths:5 |     276 |   38725 |   0.7 |       1 |      29 |   3.3 |   231
           Lab |       0 |    1394 |   0.0 |       0 |       5 |   0.0 |   313
         IceCv |       0 |    3933 |   0.0 |       0 |      25 |   0.0 |  1123
       Volcano |       0 |    2638 |   0.0 |       0 |       7 |   0.0 |   187
        WizLab |       0 |   13445 |   0.0 |       0 |      35 |   0.0 |   455
               +---------+---------+-------+---------+---------+-------+---------

Vault maps used:
D:1:      grunt_arrival_lava_bath
D:2:      first_bread, dk_noncrumbling_2
D:3:      fedhas_altar_2
D:4:      kennysheep_slug_shrine
D:5:      nicolae_overflow_crystal_walls, temple_green, grunt_decor_fettered
D:6:      eat_drink_and_be_merry_uskayaw, kennysheep_mini_moat, serial_shops,
          kennysheep_little_box, kennysheep_generic_room_12
D:7:      grunt_dithmenos_smoke_and_mirrors
D:8:      minmay_the_grid_square_5x5_3x3, uniq_pikel, uniq_erica, uniq_joseph,
          uniq_maurice
D:9:      cheibrodos_grave_circle, nicolae_overflow_hidden_temple,
          okawaru_metal_pillars_1_2, lemuel_round_altar, serial_shops,
          nicolae_shop_window_shopping, grunt_ministairs_8, grunt_livestock,
          kennysheep_generic_room_15, uniq_psyche
D:10:     special_room, st_stairs_6, serial_bayou_lagoon_a, tgw_xom
D:11:     grunt_lair_entry_orc_guard_hut, serial_ice, serial_ice_h,
          serial_ice_o, serial_ice_g, serial_ice_i, serial_ice_m, serial_ice_n,
          serial_ice_d, serial_ice_f, uniq_sonja, uniq_josephine
D:12:     kennysheep_orc_monster_closet_entryway
D:13:     david_vaults_1
D:14:     zin_angel, nicolae_island_escapes, uniq_rupert, uniq_nessos
D:15:     grunt_enter_depths_hoard, minmay_misc_feat_secret_circle
Temple:   eino_narrow_crystal_temple
Lair:1:   grunt_megastairs_1, minmay_lair_oklob_chamber, serial_bayou_shore_b
Lair:2:   basic_altar, portal_ice_cave_entry_ice_beasts
Lair:3:   swamp_mist, minivault_29, serial_bayou_shore_a, uniq_gastronok
Lair:4:   minmay_snake_entry_spellcaster
Lair:5:   slime_altar_2
Lair:6:   evilmike_catoblepas_cave, lab_entry_generic, grunt_megastairs_5,
          infiniplex_staircase_pool
Swamp:1:  hangedman_swamp_diagram, swamp_pool2, hangedman_swamp_cone
Swamp:2:  serial_swamp_ruin, evilmike_swamp_ruin_house_2,
          evilmike_swamp_ruin_wall, evilmike_swamp_ruin_house_1
Swamp:3:  cheibrodos_swamp_monstrosity, basic_altar
Swamp:4:  swamp_old_school, swamp_pool1, uniq_jorgrun
Snake:1:  nicolae_snake_biting_tails, st_stairs_8
Snake:2:  minmay_snake_river, grunt_ministairs_8, nrook_guardian_serpent_double,
          grunt_megastairs_2, uniq_aizul
Snake:4:  snake_pit, serial_shops, shop, lemuel_fruit_tree
Orc:1:    uniq_fannar, uniq_erolcha
Orc:2:    kennysheep_orc_mage_school, enter_volcano_3
Elf:1:    eino_elf_arrival_sip, serial_shops, shop, minmay_elf_sorcery,
          uniq_donald, uniq_asterion, uniq_azrael
Elf:2:    serial_shops, shop_statue, basic_altar
Elf:3:    minmay_elf_hall_not_hex, serial_shops,
          nicolae_shop_temple_entry_statues_fountains, grunt_ministairs_11,
          serial_sigils_hangedman_stare
Vaults:1: v_misc_3, vaults_dpeg_hooks, nicolae_vaults_diagonal_hallway_9,
          vaults_mumra_hexcomb, ontoclasm_vaults_gateway, vaults_room_pools,
          v_misc_23, vaults_room_stairs_pillars, v_misc_10, serial_shops, shop
Vaults:2: grunt_vaults_trifunnel, v_misc_28, v_misc_23, v_misc_15,
          nicolae_vaults_big_ls, ontoclasm_vaults_pinch,
          vaults_mumra_minichess_inversion, nicolae_vaults_fighting_squares,
          v_misc_25, v_misc_27, nicolae_vaults_network_s,
          vaults_room_semicircle, serial_ice_h, nicolae_vaults_shelves_hall,
          ontoclasm_vaults_decontamination, nicolae_vaults_asterisk,
          nicolae_vaults_little_squares_5, serial_shops, nicolae_shop_trees
Vaults:3: v_misc_27, hangedman_vaults_stagger, blue_anna_dwarven_crypt,
          vaults_room_door_hall, nicolae_vaults_big_angled_halls,
          nicolae_vaults_asterisk, hangedman_vaults_corner_blocks,
          grunt_vaults_hallway_short, v_misc_28, dpeg_vaults_monster_box,
          serial_shops, nicolae_shop_crystal
Vaults:4: nicolae_vaults_yaktaur_gun_rack, vaults_room_grid,
          hangedman_vaults_trim, nicolae_vaults_little_squares_4,
          vaults_room_semicircle, v_misc_23, vaults_dpeg_ring,
          mu_enter_wizlab_3, serial_shops, nicolae_shop_behind_doors, uniq_mara
Depths:1: serial_shops, shop_fountains, minmay_misc_feat_room,
          grunt_hell_entry_demonic_statue, grunt_decor_arrowhead, spider_trap,
          ashenzari_altar_1
Depths:2: lemuel_troll_bridge, hellmouth_1, kennysheep_pointless_box,
          rand_demon_pan_entry_4, minmay_staircase_statues_hall_small
Depths:3: minmay_quarter_circles, enter_ziggurat_a, pf_coc_iceberg,
          rand_demon_pan_entry_7, hangedman_decor_growths,
          infiniplex_staircase_pillars_2
Depths:4: lightli_eight_chambers, rand_demon_pan_entry_9, hell_entry,
          nicolae_abyss_entry_one_way_or_another, infiniplex_staircase_pool_1,
          serial_bayou_shore_b
Depths:5: grunt_runaround, hell_entry, pan_entry
Lab:      labyrinth_mini_lab, nicolae_lab_statue, nicolae_lab_lava, lab_statue,
          nicolae_lab_checkerboard, nicolae_lab_t_cross, labyrinth_glass_1
IceCv:    ice_cave_small_demon
Volcano:  volcano_pools
WizLab:   wizlab_golubria

Table legend:
 A = Turns spent in this place as a percentage of turns spent in the entire game.
 B = Non-inter-level travel turns spent in this place as a percentage of non-inter-level travel turns spent in the entire game.
 C = Inter-level travel turns spent in this place as a percentage of turns spent in this place.
 D = Turns resting spent in this place as a percentage of non-inter-level travel turns spent in this place.
 E = Turns spent auto-exploring this place as a percentage of non-inter-level travel turns spent in this place.
 F = Non-inter-level travel turns spent in this place divided by the number of levels of this place that you've seen.
                   A       B       C       D       E      F
               +-------+-------+-------+-------+-------+----------------------
         Total | 100.0 | 100.0 |   7.8 |  16.8 |  41.2 | 972.9
       Dungeon |  37.6 |  37.3 |   8.6 |  27.9 |  37.5 | 1161.5
        Temple |   0.4 |   0.5 |   2.8 |   0.0 |   0.0 | 212.0
          Lair |  11.8 |  11.5 |  10.3 |  13.2 |  47.2 | 896.0
         Swamp |   6.3 |   6.5 |   5.6 |  11.6 |  45.6 | 756.8
     Snake Pit |   8.5 |   8.6 |   7.5 |   2.8 |  53.9 | 999.5
  Orcish Mines |   2.9 |   2.6 |  17.6 |   6.1 |  40.5 | 600.5
   Elven Halls |   7.9 |   8.1 |   5.7 |  11.5 |  46.0 | 1261.0
        Vaults |   9.7 |   9.3 |  11.8 |   2.6 |  48.4 | 1085.2
        Depths |  10.7 |  11.3 |   2.8 |  10.3 |  43.8 | 1051.8
     Labyrinth |   0.6 |   0.7 |   0.0 |   0.0 |   0.0 | 313.0
      Ice Cave |   2.2 |   2.4 |   0.0 |  57.0 |   0.0 | 1123.0
       Volcano |   0.4 |   0.4 |   0.0 |   0.0 |   0.0 | 187.0
        Wizlab |   0.9 |   1.0 |   0.0 |   0.0 |   0.0 | 455.0
               +-------+-------+-------+-------+-------+----------------------

Table legend:
 A = Kills in this place as a percentage of kills in entire the game.
 B = Kills by you in this place as a percentage of kills by you in the entire game.
 C = Kills by friends in this place as a percentage of kills by friends in the entire game.
 D = Other kills in this place as a percentage of other kills in the entire game.
 E = Experience gained in this place as a percentage of experience gained in the entire game.
 F = Experience gained in this place divided by the number of levels of this place that you have seen.
                   A       B       C       D       E      F
               +-------+-------+-------+-------+-------+----------------------
         Total | 100.0 | 100.0 | 100.0 | 100.0 | 100.0 | 18784.0
       Dungeon |  25.7 |  26.7 |  11.1 |   5.3 |   8.0 | 4797.6
          Lair |   9.8 |   8.3 |  34.3 |  21.1 |   5.8 | 8714.8
         Swamp |   7.9 |   7.5 |  13.0 |  15.8 |   7.3 | 16344.0
     Snake Pit |  11.1 |  11.2 |   8.3 |  10.5 |  13.1 | 29596.2
  Orcish Mines |   3.4 |   2.8 |  13.9 |   0.0 |   1.3 | 5963.0
   Elven Halls |   6.7 |   7.0 |   2.8 |   0.0 |  10.4 | 31117.0
        Vaults |  13.8 |  14.4 |   4.6 |  10.5 |  19.4 | 43640.0
        Depths |  17.9 |  18.4 |   6.5 |  36.8 |  32.4 | 58473.8
     Labyrinth |   0.3 |   0.3 |   0.0 |   0.0 |   0.2 | 1394.0
      Ice Cave |   1.3 |   1.0 |   5.6 |   0.0 |   0.4 | 3933.0
       Volcano |   0.4 |   0.4 |   0.0 |   0.0 |   0.3 | 2638.0
        Wizlab |   1.8 |   1.9 |   0.0 |   0.0 |   1.5 | 13445.0
               +-------+-------+-------+-------+-------+----------------------
